 Dungeon Crawl Stone Soup version 0.31-a0-95-g6fa058ef04 (webtiles) character file.

Game seed: 12458252738453915246

65 edwardauron the Digger (level 4, -1/24 HPs)
             Began as a Gargoyle Earth Elementalist on May 25, 2023.
             Engulfed by a cloud of flame (7 damage)
             ... on level 3 of the Dungeon.
             The game lasted 00:01:57 (1836 turns).

edwardauron the Digger (GrEE)                       Turns: 1836, Time: 00:01:58

Health: -1/24      AC: 12    Str: 11    XL:     4   Next: 13%
Magic:  8/8        EV: 11    Int: 18    God:
Gold:   114        SH:  0    Dex: 10    Spells: 8/9 levels left

rFire   . . .        c - +4 spear
rCold   . . .        (no shield)
rNeg    + . .        a - +0 robe
rPois   ∞            d - +1 helmet
rElec   +            (no cloak)
rCorr   .            i - +0 pair of gloves
SInv    .            (no boots)
Will    .....        (no amulet)
Stlth   ++           k - +4 ring of protection
HPRegen 0.24/turn    (no ring)
MPRegen 0.11/turn

%: no passive effects
@: no status effects
A: sickness immunity, AC +3, negative energy resistance 1, electricity
resistance, torment resistance 1, petrification resistance
a: no special abilities


You were on level 3 of the Dungeon.
You visited 1 branch of the dungeon, and saw 3 of its levels.

You collected 114 gold pieces.

Inventory:

Hand Weapons
 c - a +4 spear (weapon)
Armour
 a - a +0 robe (worn)
 d - a +1 helmet (worn)
 i - a +0 pair of gloves (worn)
Jewellery
 k - a +4 ring of protection (left hand)
Scrolls
 g - a scroll of identify {unknown}
 j - a scroll of teleportation {unknown}
 l - a scroll of amnesia {unknown}
 m - a scroll of silence {unknown}
Potions
 b - a potion of magic
 e - 3 potions of curing {unknown}
 f - a potion of ambrosia {unknown}
 h - 2 potions of haste {unknown}
 n - a potion of degeneration {unknown}
 o - a potion of attraction {unknown}


   Skills:
 - Level 1.5 Dodging
 - Level 2.1 Stealth
 + Level 3.1 Spellcasting
 - Level 0.7 Transmutations
 + Level 4.9 Earth Magic


You had 8 spell levels left.
You knew the following spells:

 Your Spells              Type           Power      Damage    Failure   Level
a - Sandblast             Erth           40%        2d10      2%          1

Your spell library contained the following spells:

 Spells                   Type           Power      Damage    Failure   Level
 Passwall                 Tmut/Erth      9%         N/A       9%          2
 Magic Dart               Conj           8%         1d3       16%         1
 Stone Arrow              Conj/Erth      20%        3d8       21%         3
 Blink                    Tloc           4%         N/A       24%         2
 Call Imp                 Summ           4%         N/A       24%         2
 Lesser Beckoning         Tloc           4%         N/A       24%         2
 Momentum Strike          Conj/Tloc      2%         3d8       28%         2
 Mephitic Cloud           Conj/Pois/Air  0%         N/A       52%         3
 Petrify                  Tmut/Erth      11%        N/A       52%         4


Dungeon Overview and Level Annotations

Branches:
Dungeon (3/15)

Altars:


Innate Abilities, Weirdness & Mutations

You are immune to sickness and miasma.
Your stone body is resilient. (AC +3)
You are immune to poison.
You resist negative energy. (rN+)
You are resistant to electric shocks. (rElec)
You are resistant to unholy torment.
You are immune to petrification.


Message History

No target in view!
No target in view!
No target in view!
No target in view!
No target in view!
No target in view!
No target in view!
No target in view!
No target in view!
No target in view!
Things that are here:
a rat corpse; a jackal corpse
Found a leather armour.
l - a scroll labelled ONKIT UJAOS
e - 3 viscous red potions (gained 1)
Things that are here:
a rat corpse; a jackal corpse You see here a +0 morningstar.
m - a scroll labelled URYGIABBEIBI
Found 6 stones.
Found a stone staircase leading up.
Found a stone staircase leading down.
There is a stone staircase leading down here.
You now have 104 gold pieces (gained 5).
Found a phial of floods.
n - a yellow potion
o - a red potion You now have 114 gold pieces (gained 10).
Found a stone staircase leading up.
Found an orange potion.
There is a stone staircase leading up here.
Really walk into a travel-excluded area?
Found a long fluorescent wand.
Really walk into that cloud of flame?
Okay, then.
You are engulfed in blazing flames.
Ouch! That really hurt!
* * * LOW HITPOINT WARNING * * *
You are engulfed in blazing flames.
You die...

##.##..#####.#....##
#.###.........#### #
#.###########...##
#.#..# ###..# #.##.#
#..## #..<.## ##>##
###...# ##.... #☼§§#
######..... #○@○#
#......#..# #☼§°#
##.#####..#
#...#####..# #...
......§...## #...
§.!...☼.§..# #...
§§./.}.§§○.## ####
####...##### #§..#


There were no monsters in sight!

Vanquished Creatures
  An adder (D:3)
  A dart slug (D:1)
  3 endoplasms
  6 giant cockroaches
  3 goblins
  5 hobgoblins
  5 jackals
  A quokka (D:1)
  4 ball pythons
  5 bats
  4 frilled lizards (D:1)
  7 kobolds
  3 rats
48 creatures vanquished.

Notes
Turn   | Place    | Note
-------+----------+-------------------------------------------
     0 | D:1      | edwardauron the Gargoyle Earth Elementalist began the quest
                  | for the Orb.
     0 | D:1      | Reached XP level 1. HP: 10/10 MP: 3/3
    36 | D:1      | Found a faded altar of an unknown god.
    88 | D:1      | Reached XP level 2. HP: 8/15 MP: 1/5
    90 | D:1      | Reached skill level 4 in Earth Magic
   369 | D:1      | Reached XP level 3. HP: 19/19 MP: 6/6
  1532 | D:3      | Reached XP level 4. HP: 22/24 MP: 8/8
  1836 | D:3      | Engulfed by a cloud of flame

Illustrated notes

Levels and vault maps discovered:
D:1:      onia_arrival_mini_spirals, layout_basic, basic_ecumenical_altar
D:2:      layout_loops_ring
D:3:      minmay_general_purpose_star, layout_basic,
          gammafunk_temple_overflow_pools, serial_shops,
          nicolae_shop_advertising_works [nicolae_subvault_shop_adworks],
          minmay_curled_crystal, lemuel_flame_loot_1

Skill      XL: |  1  2  3 |
---------------+----------+-----
Earth Magic    | 4 |  4.9
Spellcasting   | 3 |  3.1
Dodging        | |  1.5
Stealth        | |  2.1
Transmutations | |  0.7

Action                     |  1- 3 |  4- 6 || total
---------------------------+-------+-------++-------
  Melee: Spear             |    93 |     8 ||   101
         Unarmed           |     2 |       ||     2
   Cast: Sandblast         |     5 |       ||     5
   Stab: Sleeping          |     4 |       ||     4
         Distracted        |     1 |       ||     1
 Armour: Robe              |    26 |     2 ||    28
  Dodge: Dodged            |    34 |     4 ||    38

Table legend: (Time is in decaauts)
 A = Elapsed time spent in this place.
 B = Non-inter-level travel time spent in this place.
 C = Inter-level travel time spent in this place.
 D = Time resting spent in this place.
 E = Time spent auto-exploring this place.
 F = Levels seen in this place.
 G = Mean time per level.
                   A        B        C        D        E       F      G
               +--------+--------+--------+--------+--------+-----+--------+
         Total |   1847 |   1790 |     57 |     40 |   1438 |   3 |  615.7 |
       Dungeon |   1847 |   1790 |     57 |     40 |   1438 |   3 |  615.7 |
               +--------+--------+--------+--------+--------+-----+--------+

Top non-repeatable levels by time:
     D:1: 758 daAuts
     D:2: 735 daAuts
     D:3: 352 daAuts
